 Dungeon Crawl Stone Soup version 0.23-a0-87-g5f73bc1 (webtiles) character file.

77 nono the Skirmisher (level 4, -1/37 HPs)
             Began as a Formicid Monk on Aug 14, 2018.
             Slain by a kobold
             ... wielding a +0 whip
              (4 damage)
             ... on level 1 of the Dungeon.
             The game lasted 00:04:40 (1179 turns).

nono the Skirmisher (Formicid Monk)                 Turns: 1179, Time: 00:04:41

Health: -1/37      AC:  2    Str: 17    XL:     4   Next: 58%
Magic:  0/4        EV: 13    Int:  9    God:
Gold:   37         SH:  0    Dex: 13    Spells: 3/3 levels left

rFire    . . .     SeeInvis +   a - +0 hand axe
rCold    . . .     Gourm    .   (no shield)
rNeg     . . .     Faith    .   b - +0 robe
rPois    .         Spirit   +   (helmet unavailable)
rElec    .         Reflect  .   f - scarf {Spirit}
rCorr    .         Harm     .   (no gloves)
MR       .....                  (no boots)
Stlth    ++........             (no amulet)
HPRegen  0.12/turn              (no ring)
MPRegen  0.09/turn              (no ring)

@: no status effects
A: permanent stasis, dig shafts and tunnels, four strong arms, antennae 3
a: Dig, Shaft Self


You were on level 1 of the Dungeon.
You were very hungry.

You visited 1 branch of the dungeon, and saw 2 of its levels.

You collected 37 gold pieces.

Inventory:

Hand Weapons
 a - a +0 hand axe (weapon)
Armour
 b - a +0 robe (worn)
 f - a scarf of spirit shield (worn)
Scrolls
 d - a scroll of remove curse {unknown}
 e - a scroll of magic mapping {unknown}
Comestibles
 c - 5 rations


   Skills:
 + Level 4.1 Fighting
 + Level 3.8 Axes
 + Level 2.2 Armour
 - Level 2.6 Dodging
 - Level 2.4 Stealth


You had 3 spell levels left.
You didn't know any spells.
Your spell library was empty.

Dungeon Overview and Level Annotations

Branches:
Dungeon (2/15)

Altars:
Wu Jian


Innate Abilities, Weirdness & Mutations

You cannot be hasted, slowed, berserked, paralysed or teleported.
You can dig through walls and to a lower floor.
Your four strong arms can wield two-handed weapons with a shield.
You have a pair of large antennae on your head. (SInv)


Message History

The kobold hits you with a whip.
* * * LOW HITPOINT WARNING * * *
The adder bites you.
* * * LOW HITPOINT WARNING * * *
The kobold closely misses you.
You hit the adder.
The adder is severely wounded.
You miss the kobold. The adder barely misses you. The kobold misses you.
You closely miss the adder.
The adder is severely wounded.
You closely miss the kobold. The adder barely misses you.
The kobold misses you.
You aren't carrying any items that you can evoke.
You aren't carrying any potions.
Unknown command.
You closely miss the adder.
The adder is severely wounded.
You hit the kobold but do no damage. The adder misses you.
The kobold hits you with a whip.
You die...

...# #..#...#.........#
##'###### #..#...#.........#
........####..#.....[.......#
........#.....).............#
........#.....#รท###.........#
........#.....#..)......#.###
.(>.....#.....####........#
........#..............####
................@(....##
........####...S.K....#
........# #..........#
.#......# #.)........#
.#.###### #.......#### .#.#
#.......# .#)# #.......# .#)#
##.###### .#.# #.#


You could see an adder and a kobold.

Vanquished Creatures
  3 adders (D:2)
  An ooze (D:1)
  3 dart slugs (D:1)
  A leopard gecko (D:1)
  3 giant cockroaches (D:1)
  6 goblins
  6 hobgoblins
  4 kobolds (D:1)
  5 bats
  A frilled lizard (D:1)
  7 rats
40 creatures vanquished.

Notes
Turn   | Place    | Note
-------+----------+-------------------------------------------
     0 | D:1      | nono the Formicid Monk began the quest for the Orb.
     0 | D:1      | Reached XP level 1. HP: 18/18 MP: 1/1
   145 | D:1      | Reached XP level 2. HP: 19/24 MP: 2/2
   167 | D:1      | Reached skill level 1 in Armour
   279 | D:1      | Reached XP level 3. HP: 22/30 MP: 3/3
   854 | D:2      | Reached skill level 4 in Fighting
   854 | D:2      | Reached XP level 4. HP: 29/37 MP: 4/4
  1159 | D:2      | Found an ornate altar of the Wu Jian Council.
  1179 | D:1      | Slain by a kobold

Vault maps used:
D:1:      scummos_arrival_star, grunt_decor_mini_mirrors
D:2:      lemuel_round_altar

Skill      XL: |  1  2  3 |
---------------+----------+-----
Armour         | 1 2 |  2.2
Fighting       | 4 |  4.1
Axes           | |  3.8
Dodging        | |  2.6
Stealth        | |  2.4

Action                   |  1- 3 |  4- 6 || total
-------------------------+-------+-------++-------
Melee: Hand axe          |   115 |    37 ||   152
 Abil: Dig               |     1 |       ||     1
  Use: Potion            |     3 |     1 ||     4
 Stab: Sleeping          |     4 |       ||     4
       Invisible         |     2 |       ||     2
Armor: Robe              |    24 |     8 ||    32
Dodge: Dodged            |    89 |    56 ||   145

Table legend:
 A = Non-vault XP
 B = Vault XP
 C = Vault XP percentage of total XP
 D = Non-vault monster count
 E = Vault monster count
 F = Vault count percentage of total count
 G = Total turns spent on level
                 A         B        C        D         E       F
            +---------+---------+-------+---------+---------+-------
      Total |     110 |       0 |   0.0 |      40 |       0 |   0.0
            +---------+---------+-------+---------+---------+-------
        D:1 |      62 |       0 |   0.0 |      31 |       0 |   0.0
        D:2 |      48 |       0 |   0.0 |       9 |       0 |   0.0
            +---------+---------+-------+---------+---------+-------
